 Dungeon Crawl Stone Soup version 0.20.1 (webtiles) character file.

403 Monsterracer the Covered (level 6, -5/58 HPs)
             Began as a Deep Dwarf Wanderer on July 2, 2017.
             Was an Initiate of Makhleb.
             Slain by an ogre
             ... wielding a +0 giant club
              (25 damage)
             ... on level 5 of the Dungeon.
             The game lasted 00:09:42 (2778 turns).

Monsterracer the Covered (Deep Dwarf Wanderer)      Turns: 2778, Time: 00:09:42

Health: -5/58      AC: 10    Str: 15      XL:     6   Next: 55%
Magic:  4/4        EV:  9    Int: 10 (12) God:    Makhleb [......]
Gold:   163        SH:  0    Dex: 14 (15) Spells: 5/5 levels left

rFire    . . .     SeeInvis .   a - +0 hand axe
rCold    + . .     Gourm    .   (no shield)
rNeg     . . .     Faith    .   e - +2 scale mail
rPois    .         Spirit   .   m - +0 helmet
rElec    .         Reflect  .   (no cloak)
rCorr    .         Harm     .   (no gloves)
MR       .....                  (no boots)
Stlth    ..........             (no amulet)
Regen    0.0/turn               j - ring of protection from cold
MPRegen  0.1/turn               (no ring)

@: non-regenerating
A: damage resistance, heal wounds, sense surroundings 1, no regeneration
a: Heal Wounds, Renounce Religion


You were on level 5 of the Dungeon.
You worshipped Makhleb.
Makhleb was noncommittal.
You were not hungry.

You visited 2 branches of the dungeon, and saw 6 of its levels.

You collected 163 gold pieces.

Inventory:

Hand Weapons
 a - a +0 hand axe (weapon)
 b - a +0 hand crossbow
 i - a +0 flail
Missiles
 c - 42 bolts
Armour
 e - a +2 scale mail (worn)
 m - a +0 helmet (worn)
Jewellery
 j - a ring of protection from cold (left hand)
Wands
 r - a wand of acid (5/15)
Scrolls
 g - 8 scrolls of identify
 k - 5 scrolls of remove curse {unknown}
 n - 4 scrolls of recharging {unknown}
Potions
 d - a potion of lignification
 l - 2 potions of heal wounds
 p - a potion of curing
 q - a potion of agility
Comestibles
 f - 3 bread rations
 h - 8 fruits
 o - 4 meat rations


   Skills:
 + Level 4.7 Fighting
 * Level 4.5 Axes
 - Level 1.1 Crossbows
 + Level 5.5 Armour
 + Level 1.0 Dodging
 - Level 1.2 Stealth
   Level 1.1 Shields
 + Level 1.0 Invocations


You had 5 spell levels left.
You didn't know any spells.

Dungeon Overview and Level Annotations

Branches:
Dungeon (5/15)             Temple (1/1) D:4

Altars:
Ashenzari
Cheibriados
Dithmenos
Elyvilon
Fedhas
Gozag
Hepliaklqana
Kikubaaqudgha
Makhleb
Nemelex Xobeh
Okawaru
Sif Muna
Vehumet
Zin
The Shining One

Shops:
D:4 [


Innate Abilities, Weirdness & Mutations

You are resistant to damage.
You can heal yourself by infusing magical energy.
You passively map a small area around you.
You do not regenerate.


Message History

The ogre hits you but does no damage. The gnoll hits you but does no damage.
Your scale mail prevents you from hitting the ogre.
The ogre is heavily wounded.
Your scale mail prevents you from hitting the gnoll.
The gnoll hits you.
* * * LOW HITPOINT WARNING * * *
The ogre closely misses you.
Damage: -7%(-4hp) hp: 50%(29hp)
You hit the ogre.
The ogre is heavily wounded.
You hit the gnoll. The gnoll hits you.
* * * LOW HITPOINT WARNING * * *
The ogre hits you with a giant club!
* * * LOW HITPOINT WARNING * * *
The gnoll barely misses you.
Huge Dmg: -15%(-9hp) hp: 35%(20hp)
You hit the ogre.
The ogre is severely wounded.
You closely miss the gnoll. The ogre hits you with a giant club!!
You die...

............##.#
.....=......##.#
.............#.#
...........#.#.#
.........og#...#
#######+##g##..###
#o#.....#
##gO).>#.#
*,#<.@...#.#
########,# ,, , ,,


You could see an ogre, 3 gnolls and 2 orcs.

Vanquished Creatures
  A scorpion (D:4)
  A centaur zombie (D:5)
  A hound (Temple)
  A centaur skeleton (D:4)
  4 worker ants
  4 adders
  2 oozes
  An adder skeleton (D:4)
  An adder zombie (D:4)
  2 worms
  A dart slug (D:3)
  4 leopard geckos
  12 orcs
  A ball python (D:3)
  3 giant cockroaches
  7 goblins
  10 hobgoblins
  13 jackals
  5 kobolds
  8 bats
  7 frilled lizards
  A quokka skeleton (D:4)
  10 rats
100 creatures vanquished.

Notes
Turn   | Place    | Note
-------+----------+-------------------------------------------
     0 | D:1      | Monsterracer the Deep Dwarf Wanderer began the quest for the Orb.
     0 | D:1      | Monsterracer set off with: a +2 scale mail, a +0 hand crossbow, 19 bolts, a potion of lignification, a bread ration
     0 | D:1      | Reached XP level 1. HP: 19/19 MP: 1/1
   105 | D:1      | Reached XP level 2. HP: 27/27 MP: 2/2
   306 | D:1      | Reached XP level 3. HP: 29/34 MP: 3/3
   922 | D:2      | Reached XP level 4. HP: 32/44 MP: 4/4
  1715 | D:3      | Found a shadowy altar of Dithmenos.
  1947 | D:4      | Reached XP level 5. HP: 22/51 MP: 5/5
  1960 | D:4      | Found a staircase to the Ecumenical Temple.
  1969 | Temple   | Entered the Ecumenical Temple
  2062 | Temple   | Became a worshipper of Makhleb the Destroyer
  2134 | D:4      | Found Mecuohui's Antique Armour Emporium.
  2177 | D:4      | Reached XP level 6. HP: 18/58 MP: 5/5
  2633 | D:4      | Found an opulent altar of Gozag.
  2709 | D:5      | Entered Level 5 of the Dungeon
  2726 | D:5      | Reached skill level 1 in Invocations
  2733 | D:5      | Reached skill level 1 in Dodging
  2778 | D:5      | Slain by an ogre

Skill      XL: |  1  2  3  4  5  6 |
---------------+-------------------+-----
Fighting       | 2 3 4 |  4.7
Axes           | 2 3 4 |  4.5
Invocations    | 1 |  1.0
Dodging        | 1 |  1.0
Crossbows      | |  1.1
Armour         | |  5.5
Stealth        | |  1.2
Shields        | |  1.1

Action                   |  1- 3 |  4- 6 || total
-------------------------+-------+-------++-------
Melee: Dagger            |    23 |       ||    23
       Whip              |    60 |    67 ||   127
       Mace              |       |    38 ||    38
       Hand axe          |       |   153 ||   153
 Fire: Hand crossbow     |    57 |     6 ||    63
 Abil: Heal Wounds       |       |     5 ||     5
  Use: Potion            |     1 |     5 ||     6
       Scroll            |       |     5 ||     5
  Eat: Chunk             |       |     7 ||     7
Armor: Scale mail        |    69 |   162 ||   231
Dodge: Dodged            |    62 |   159 ||   221
